 Dungeon Crawl Stone Soup version 0.20-a0-950-g92a50c4 (webtiles) character file.

20 FrankyJ the Conjurer (level 2, 0/15 HPs)
             Began as a Deep Elf Conjurer on Apr 4, 2017.
             Succumbed to an adder's poison
             ... on level 1 of the Dungeon.
             The game lasted 00:02:09 (1160 turns).

FrankyJ the Conjurer (Deep Elf Conjurer)            Turns: 1160, Time: 00:02:10

Health: 0/15       AC:  2    Str:  5    XL:     2   Next: 58%
Magic:  8/8        EV: 19    Int: 19    God:
Gold:   70         SH:  0    Dex: 20    Spells: 4/7 levels left

rFire    . . .     SeeInvis .   k - +0 spear
rCold    . . .     Gourm    .   (no shield)
rNeg     . . .     Faith    .   a - +0 robe
rPois    .         Spirit   .   (no helmet)
rElec    .         Reflect  .   (no cloak)
rCorr    .         Harm     .   (no gloves)
MR       .....                  (no boots)
Stlth    ++++......             (no amulet)
Regen    0.1/turn               (no ring)
MPRegen  0.2/turn               (no ring)

@: agile, lethally poisoned (0 -> -3), hasted, very quick
A: no striking features
a: no special abilities


You were on level 1 of the Dungeon.
You were hungry.

You visited 1 branch of the dungeon, and saw 2 of its levels.

You collected 70 gold pieces.

Inventory:

Hand Weapons
 k - a +0 spear (weapon)
Missiles
 d - 6 poisoned tomahawks (quivered)
 f - 5 javelins of returning
Armour
 a - a +0 robe (worn)
Scrolls
 j - a scroll of magic mapping {unknown}
 l - a scroll of identify {unknown}
Potions
 g - a potion of cancellation
Books
 b - a book of Conjurations

   Spells                             Type                      Level
   a - Magic Dart                     Conjuration                  1
   b - Searing Ray                    Conjuration                  2
   c - Dazzling Spray                 Conjuration/Hexes            3
   d - Fulminant Prism                Conjuration/Hexes            4
   e - Force Lance                    Conjuration/Translocation    4
   f - Iskenderun's Mystic Blast      Conjuration                  4
Comestibles
 c - 3 bread rations
 m - 3 chunks of flesh


   Skills:
 + Level 0.2 Fighting
 + Level 0.1 Polearms
 + Level 0.4 Throwing
 + Level 3.2 Dodging
 + Level 3.0 Stealth
 - Level 3.0 Spellcasting
 - Level 4.3 Conjurations


You had 4 spell levels left.
You knew the following spells:

 Your Spells              Type           Power        Failure   Level  Hunger
a - Magic Dart            Conj           ###.         2%          1    None
b - Searing Ray           Conj           ###...       4%          2    ##.....


Dungeon Overview and Level Annotations

Branches:
Dungeon (2/15)

Altars:
Fedhas


Message History

* * * LOW HITPOINT WARNING * * *
You feel sick.
It was a potion of agility.
You feel agile all of a sudden.
It was a potion of haste.
You feel yourself speed up.
It was a potion of magic.
Magic courses through your body.
* * * LOW HITPOINT WARNING * * *
You feel sick.
There is a lethal amount of poison in your body!
There is a lethal amount of poison in your body!
* * * LOW HITPOINT WARNING * * *
You feel sick.
There is a stone staircase leading up here.
You climb upwards.
There is a stone staircase leading down here.
* * * LOW HITPOINT WARNING * * *
You feel sick.
* * * LOW HITPOINT WARNING * * *
You feel sick.
You die...

###################
#########..................
#.........#################
#######.#######################
................@............>#
##.#####.##########.###########
#.# #.#..................#
#.#####.#.########.#######.#
##....##.#.....####.# #.#
...#####.#####....#.## #.#
##....##.............# #.#
...##.########....#..# #.#
##.##.########....#..# #.# ###


There were no monsters in sight!

Vanquished Creatures
  An adder (D:2)
  A dart slug (D:1)
  A giant cockroach (D:2)
  A goblin (D:1)
  A quokka (D:2)
  2 bats
  3 rats (D:1)
10 creatures vanquished.

Notes
Turn   | Place    | Note
-------+----------+-------------------------------------------
     0 | D:1      | FrankyJ the Deep Elf Conjurer began the quest for the Orb.
     0 | D:1      | Reached XP level 1. HP: 10/10 MP: 6/6
  1070 | D:2      | Reached XP level 2. HP: 15/15 MP: 5/8
  1074 | D:2      | Learned a level 2 spell: Searing Ray
  1107 | D:2      | Found a blossoming altar of Fedhas.
  1160 | D:1      | Succumbed to an adder's poison

Vault maps used:
D:1:      dpeg_arrival_windows_large_door
D:2:      fedhas_altar_3, tgw_trog

Skill      XL: |  1  2 |
---------------+-------+-----
Dodging        | 3 |  3.2
Stealth        | 3 |  3.0
Fighting       | |  0.2
Polearms       | |  0.1
Throwing       | |  0.4
Spellcasting   | |  3.0
Conjurations   | |  4.3

Action                   || total
-------------------------++-------
Melee: Unarmed           ||     1
       Spear             ||     6
Throw: Tomahawk          ||     1
 Cast: Magic Dart        ||    13
       Searing Ray       ||     3
  Use: Potion            ||     4
Armor: Robe              ||     4
Dodge: Dodged            ||     9
